 Dungeon Crawl Stone Soup version 0.14-a0-2080-ge317583 (webtiles) character file.

243 Jenx the Ruinous (level 5, -7/38 HPs)
             Began as a Draconian Conjurer on Jan 24, 2014.
             Mangled by Sigmund
             ... wielding a +0,+0 scythe
              (11 damage)
             ... on Level 3 of the Dungeon.
             The game lasted 00:08:02 (2639 turns).

Jenx the Ruinous (Draconian Conjurer)               Turns: 2639, Time: 00:08:02

HP  -7/38        AC  6     Str 11      XL: 5   Next:  1%
MP   0/9         EV 17     Int 16      God:
Gold 105         SH  0     Dex 16      Spells:  2 memorised,  4 levels left

rFire  . . .     SeeInvis .     b - +0 halberd
rCold  . . .     Clarity  .     (armour unavailable)
rNeg   . . .     Conserve .     (no shield)
rPois  .         rCorr    .     (helmet restricted)
rElec  .         rRot     .     w - +0 cloak
SustAb . .       Spirit   .     (no gloves)
rMut   .         Warding  .     (no boots)
Saprov . . .     Stasis   .     (no amulet)
MR     .....                    (no ring)
                                (no ring)

@: agile, mildly poisoned, very slightly contaminated, not resistant to hostile
enchantments, stealthy
A: unfitting armour, AC +5
a: no special abilities


You were on level 3 of the Dungeon.
You were hungry.

You visited 1 branch of the dungeon, and saw 3 of its levels.

You collected 105 gold pieces.

Inventory:

Hand weapons
 b - a +0,+0 halberd (weapon)
Missiles
 d - 13 darts of flame
 k - 3 poisoned darts (quivered)
Armour
 w - a +0 cloak (worn)
Magical devices
 n - a wand of disintegration (4) {unknown}
Comestibles
 h - a cheese
 j - 2 bread rations
 q - a rotting chunk of giant newt flesh
 s - 2 chunks of jackal flesh
 t - 3 chunks of hobgoblin flesh
 u - an apple
 v - a snozzcumber
 x - a meat ration
Scrolls
 a - 2 scrolls of teleportation {unknown}
 g - a scroll of fog
 i - 3 scrolls of identify
 o - a scroll of remove curse
 r - a scroll of enchant armour {unknown}
Potions
 f - 2 potions of porridge
Books
 c - a book of Conjurations

   Spells                             Type                      Level
   *Magic Dart                        Conjuration                  1
   Searing Ray                        Conjuration                  2
   *Dazzling Spray                    Conjuration/Hexes            3
   Iskenderun's Mystic Blast          Conjuration                  4
   Iskenderun's Battlesphere          Conjuration/Charms           4
   Fulminant Prism                    Conjuration/Hexes            5


   Skills:
 - Level 1.7 Dodging
 - Level 1.7 Stealth
 - Level 2.0 Spellcasting
 * Level 6.3 Conjurations


You had 4 spell levels left.
You knew the following spells:

 Your Spells              Type           Power        Failure   Level  Hunger
a - Magic Dart            Conj           ###.         1%          1    #......
b - Dazzling Spray        Conj/Hex       ##......     17%         3    ####...


Dungeon Overview and Level Annotations

Branches:
Dungeon (3/16)

Altars:
Dithmengos

Annotations:
D:3 Sigmund


Message History

* * * LOW HITPOINT WARNING * * *
You feel sick.
You hear some strange, mumbled words.
The puff of flame misses you. Something hits you but does no damage.
Casting: Magic Dart
Confirm with . or Enter, or press ? or * to list all spells.
You can't see any susceptible monsters within range! (Use Z to cast anyway.)
Casting: Magic Dart
Confirm with . or Enter, or press ? or * to list all spells.
Aiming: Dazzling Spray
Press: ? - help, Shift-Dir - straight line You miscast Dazzling Spray.
You are very lightly contaminated with residual magic.
Your skin tingles.
* * * LOW HITPOINT WARNING * * *
You feel sick.
You barely miss something.
* * * LOW HITPOINT WARNING * * *
You feel sick. Something hits you!
You die...

..#....>##
.l..........
......#.....#
...)..@#.....#
...[....#.....#
........#.....#
........#.....#
.........###%######..
>...........@..?%....
#####..#.###.######..
####..#(# #.#
.......#.###.####
..................
#..................
#.......##.###.#...
#...)...##.# #.##
#.......##.# #%#


There were no monsters in sight!

Vanquished Creatures
  A crimson imp (D:1)
  A gnoll (D:1)
  2 adders (D:2)
  A giant mite (D:1)
  6 giant geckos
  An ooze (D:2)
  2 ball pythons
  6 bats
  A giant cockroach (D:1)
  9 hobgoblins
  8 jackals
  A giant newt (D:2)
  4 goblins (D:2)
  12 kobolds
  3 rats (D:1)
58 creatures vanquished.

Vanquished Creatures (others)
  A giant newt (D:3)
1 creature vanquished.

Grand Total: 59 creatures vanquished

Notes
Turn   | Place    | Note
--------------------------------------------------------------
     0 | D:1      | Jenx, the Draconian Conjurer, began the quest for the Orb.
     0 | D:1      | Reached XP level 1. HP: 14/14 MP: 3/3
   450 | D:1      | Reached XP level 2. HP: 20/20 MP: 1/4
   775 | D:1      | Reached skill level 5 in Conjurations
   895 | D:1      | Reached XP level 3. HP: 16/26 MP: 4/6
   918 | D:1      | Learned a level 3 spell: Dazzling Spray
  1283 | D:1      | Reached XP level 4. HP: 20/33 MP: 0/7
  1749 | D:2      | Reached skill level 6 in Conjurations
  2128 | D:2      | Found a shadowy altar of Dithmengos.
  2577 | D:3      | Reached XP level 5. HP: 38/38 MP: 3/9
  2599 | D:3      | Noticed Sigmund
  2639 | D:3      | Mangled by Sigmund

Action                   |  1- 3 |  4- 6 || total
-------------------------+-------+-------++-------
Melee: Dagger            |    16 |       ||    16
       Short sword       |    97 |    10 ||   107
       Halberd           |       |    79 ||    79
Throw: Dart              |     1 |       ||     1
 Cast: Magic Dart        |    48 |    43 ||    91
       Dazzling Spray    |     1 |     3 ||     4
  Use: Scroll            |     2 |       ||     2
       Potion            |       |     3 ||     3
 Stab: Invisible         |       |     1 ||     1
